 Dungeon Crawl Stone Soup version 0.26-a0-831-g7192265339 (webtiles) character file.

Game seed: 610390921188521376

3048 strifetoe the Basher (level 9, -57/51 HPs)
             Began as a Gargoyle Monk on Nov 15, 2020.
             Was an Elder of Zin.
             Killed from afar by a hell hog (70 damage)
             ... with a fireball
             ... on level 1 of the Abyss.
             The game lasted 00:09:54 (9221 turns).

strifetoe the Basher (Gargoyle Monk)                Turns: 9221, Time: 00:09:55

Health: -57/51     AC: 19    Str: 24    XL:     9   Next: 87%
Magic:  9/9        EV:  7    Int: 11    God:    Zin [****..]
Gold:   355        SH:  0    Dex: 12    Spells: 8/8 levels left

rFire    x . .     SeeInvis .   t - +1 morningstar (vorpal)
rCold    + . .     Faith    .   (no shield)
rNeg     + . .     Spirit   .   p - +0 plate armour
rPois    ∞         Reflect  .   E - +1 helmet
rElec    +         Harm     .   u - scarf {+Inv}
rCorr    .         Rampage  .   g - +0 pair of gloves
MR       .....                  (no boots)
Stlth    ..........             C - amulet of regeneration
HPRegen  0.57/turn              j - ring of ice
MPRegen  0.11/turn              m - +6 ring of strength

@: about to teleport
A: negative energy resistance 1, electricity resistance, unbreathing,
petrification resistance, rot immunity, AC +6
a: Recite, Vitalisation, Imprison, Donate Gold, Renounce Religion, Evoke
Invisibility


You were on level 1 of the Abyss.
You worshipped Zin.
Zin was greatly pleased with you.
You visited 2 branches of the dungeon, and saw 10 of its levels.
You visited the Abyss 1 time.

You collected 394 gold pieces.
You donated 39 gold pieces to Zin.

Inventory:

Hand Weapons
 a - a +0 hand axe
 n - a +0 mace of protection
 t - a +1 vorpal morningstar (weapon)
Armour
 g - a +0 pair of gloves (worn)
 l - a +0 cloak
 p - a +0 plate armour (worn)
 u - a scarf of invisibility (worn)
 E - a +1 helmet (worn)
Jewellery
 j - a ring of ice (left hand)
 m - a +6 ring of strength (right hand)
 s - an uncursed ring of flight {unknown}
 C - an amulet of regeneration (around neck)
 D - the amulet of Yjue {Inacc MR+ Int+2}
   (You found it on level 5 of the Dungeon)

   [amulet of inaccuracy]

   It reduces the accuracy of all your attacks.
   It affects your intelligence (+2).
   It affects your resistance to hostile enchantments.
Wands
 A - a wand of acid (9)
 B - a wand of flame (21)
 F - a wand of iceblast (13)
Scrolls
 c - a scroll of enchant armour
 d - 3 scrolls of remove curse
 h - 5 scrolls of immolation
 o - 2 scrolls of blinking
 y - a scroll of fog {unknown}
Potions
 b - 2 potions of brilliance {unknown}
 e - a potion of resistance
 f - 3 potions of curing
 i - a potion of berserk rage
 q - 2 potions of cancellation
 r - 2 potions of magic
 w - a potion of ambrosia {unknown}
 x - 2 potions of lignification {unknown}
 z - 3 potions of flight {unknown}


   Skills:
 + Level 3.2 Fighting
 - Level 5.2(9.0) Axes
 - Level 12.1(12.6) Maces & Flails
 - Level 2.4 Dodging
 - Level 2.1 Stealth


You had 8 spell levels left.
You didn't know any spells.
Your spell library contained the following spells:

 Spells                   Type           Power        Failure   Level
 Animate Skeleton         Necr           #.....       100%        1
 Pain                     Necr           #...         100%        1
 Vampiric Draining        Necr           #.........   100%        3
 Animate Dead             Necr           #.........   100%        4
 Agony                    Necr           #.......     100%        5


Dungeon Overview and Level Annotations

Branches:
Dungeon (9/15)             Temple (1/1) D:4
   Lair: D:8-11         Orc: D:9-12

Altars:
Ashenzari
Cheibriados
Dithmenos
Elyvilon
Fedhas
Hepliaklqana
Kikubaaqudgha
Makhleb
Nemelex Xobeh
Okawaru
Qazlal
Ru
Sif Muna
Trog
Uskayaw
Vehumet
Wu Jian
Xom
Yredelemnul
Zin
The Shining One

Annotations:
D:6 exclusion: oklob plant
D:8 Psyche


Innate Abilities, Weirdness & Mutations

You are resistant to torment.
Your stone body is resilient. (AC +6)
You are immune to poison.
You resist negative energy. (rN+)
You are resistant to electric shocks. (rElec)
You can survive without breathing.
You are immune to petrification.
You are immune to rotting.


Message History

Unknown command.
The hell hog is engulfed in seething chaos.
The apocalypse crab is engulfed in seething chaos.
Unknown command.
The hell hog is engulfed in seething chaos.
You see here 26 arrows.
Unknown command.
The hell hog bites you!
* * * LOW HITPOINT WARNING * * *
Unknown command.
Tentacles burst from the starspawn's body!
The hell hog bites you!
* * * LOW HITPOINT WARNING * * *
2 starspawn tentacles come into view.
Unknown command.
You feel better. The hell hog breathes fire at you.
The fireball explodes!
The fireball engulfs you!!! The fire burns you terribly!
Ouch! That really hurt!
You die...

#.## ##. # #.### .
##... . # # #. #.#
#.#..# ##.. ###..#
#...# ##...#
###....######@.####
.....#.....h### #
........w..##.# .
.....X..t.(.# #
........w...##...##
............#
...... ..
....._...# ##.##.
.............# #..
.............# #.#


You could see a tentacled starspawn, a hell hog (catching breath) and 2
starspawn tentacles.

Vanquished Creatures
  Grinder (D:5)
  A water moccasin (D:8)
  An ice beast (D:7)
  A black bear (D:8)
  An orc warrior (D:8)
  An eye of draining (D:8)
  2 phantoms
  A sky beast (D:7)
  3 ogres
  3 centaurs
  2 bullfrogs (D:6)
  2 scorpions
  3 killer bees (D:7)
  A howler monkey (D:5)
  4 jellies
  2 hounds
  Crazy Yiuf (D:2)
  A bullfrog skeleton (D:9)
  2 orc priests
  7 orc wizards
  2 gnoll shamans (D:7)
  An iguana (D:7)
  5 worker ants
  A hound zombie (D:3)
  2 worker ant zombies
  16 adders
  17 gnolls
  2 shadow imps (D:6)
  2 ufetubi
  An adder zombie (D:5)
  3 oozes
  5 worms
  3 dart slugs
  12 leopard geckos
  25 orcs
  11 bats
  6 giant cockroaches
  7 hobgoblins
  11 jackals
  4 kobolds
  2 quokkas
  2 ball pythons (D:3)
  8 frilled lizards
  6 goblins
  A quokka zombie (D:6)
  5 rats
200 creatures vanquished.

Vanquished Creatures (others)
  2 starspawn tentacles (Abyss:1)
2 creatures vanquished.

Grand Total: 202 creatures vanquished

Notes
Turn   | Place    | Note
-------+----------+-------------------------------------------
     0 | D:1      | strifetoe the Gargoyle Monk began the quest for the Orb.
     0 | D:1      | Reached XP level 1. HP: 14/14 MP: 1/1
   113 | D:1      | Reached XP level 2. HP: 15/19 MP: 2/2
   827 | D:1      | Reached XP level 3. HP: 23/23 MP: 3/3
  1175 | D:2      | Reached XP level 4. HP: 28/28 MP: 4/4
  1367 | D:2      | Found a runed translucent door.
  1368 | D:2      | Noticed Crazy Yiuf
  2064 | D:2      | Reached skill level 5 in Axes
  2393 | D:2      | Killed Crazy Yiuf
  2394 | D:2      | Reached XP level 5. HP: 3/32 MP: 5/5
  2807 | D:3      | Found a bloodstained altar of Trog.
  2850 | D:3      | Reached skill level 1 in Maces & Flails
  2882 | D:3      | Reached skill level 2 in Maces & Flails
  3403 | D:3      | Reached XP level 6. HP: 37/37 MP: 6/6
  3491 | D:3      | Found a transporter.
  3497 | D:3      | Found a hazy altar of Hepliaklqana.
  3616 | D:3      | Found a transporter.
  3676 | D:3      | Reached skill level 3 in Maces & Flails
  4029 | D:4      | Noticed a phantom
  4240 | D:3      | Killed a phantom
  4241 | D:3      | Reached skill level 4 in Maces & Flails
  4288 | D:4      | Reached XP level 7. HP: 37/41 MP: 7/7
  4395 | D:4      | Found a staircase to the Ecumenical Temple.
  4401 | Temple   | Entered the Ecumenical Temple
  4567 | Temple   | Became a worshipper of Zin the Law-Giver
  4567 | Temple   | Reached * piety under Zin
  4567 | Temple   | Reached ** piety under Zin
  4567 | Temple   | Reached *** piety under Zin
  4620 | D:4      | Found a broken altar of Ashenzari.
  4701 | D:4      | Reached skill level 5 in Maces & Flails
  5238 | D:5      | Entered Level 5 of the Dungeon
  5364 | D:5      | Noticed Grinder
  5377 | D:5      | Killed Grinder
  5378 | D:5      | Reached skill level 6 in Maces & Flails
  5551 | D:5      | Reached skill level 7 in Maces & Flails
  5551 | D:5      | Reached XP level 8. HP: 21/46 MP: 8/8
  5821 | D:5      | You fall into a shaft and drop 1 floor!
  5957 | D:6      | Reached skill level 8 in Maces & Flails
  6485 | D:5      | You fall into a shaft and drop 3 floors!
  6774 | D:5      | Got a transparent bone amulet
  6775 | D:5      | Identified the amulet of Yjue {Inacc MR+ Int+2} (You found
                  | it on level 5 of the Dungeon)
  6975 | D:6      | Reached skill level 9 in Maces & Flails
  7141 | D:6      | Found a blossoming altar of Fedhas.
  7159 | D:6      | Noticed an oklob plant
  7573 | D:7      | Reached **** piety under Zin
  7585 | D:7      | Reached XP level 9. HP: 36/51 MP: 9/9
  7598 | D:7      | Reached skill level 10 in Maces & Flails
  7702 | D:7      | Found a glowing golden altar of the Shining One.
  8033 | D:7      | You fall into a shaft and drop 2 floors!
  8045 | D:9      | Reached skill level 11 in Maces & Flails
  8865 | D:8      | Found a broken altar of Ashenzari.
  8997 | D:8      | Reached skill level 12 in Maces & Flails
  9140 | D:8      | Noticed Psyche
  9150 | D:8      | Cast into level 1 of the Abyss (Psyche)
  9204 | Abyss:1  | Found a corrupted altar of Lugonu.
  9207 | Abyss:1  | Noticed a hell hog
  9207 | Abyss:1  | Noticed an apocalypse crab
  9211 | Abyss:1  | Noticed a tentacled starspawn
  9221 | Abyss:1  | Killed from afar by a hell hog

Illustrated notes

Levels and vault maps discovered:
D:1:      minmay_arrival_doors, layout_loops_corners, minmay_hexomino_c4
D:2:      layout_basic, corexii_corridor_pit, hangedman_decor_points,
          uniq_crazy_yiuf_cottage
D:3:      minmay_chambers_of_twos, layout_rooms,
          gammafunk_temple_overflow_arena, lemuel_round_altar
D:4:      layout_basic, minmay_temple_entry_wispy, evilmike_ruin_ashenzari
D:5:      layout_gridville, minmay_starry_boxes, uniq_grinder
D:6:      layout_cave_pods, tgw_fedhas
D:7:      layout_basic, nicolae_overflow_crystal_walls
D:8:      layout_cave_pods, general_overflow_altar, eino_tiny_chamber,
          grunt_decor_mini_mirrors, chequers_avenue, minmay_orc_keep,
          uniq_psyche
D:9:      kennysheep_blocky_hall, layout_basic, overflow_temple_1_default,
          grunt_decor_one_mirror
Temple:   eino_temple_rhombus
Abyss:1:  base: D:6, evilmike_abyss_exit_chaos

Skill      XL: |  1  2  3  4  5  6  7  8  9 |
---------------+----------------------------+-----
Axes           | 3 4 5 |  5.2
Maces & Flails | 2 4 7 9 12 | 12.1
Fighting       | |  3.2
Dodging        | |  2.4
Stealth        | |  2.1

Action                   |  1- 3 |  4- 6 |  7- 9 || total
-------------------------+-------+-------+-------++-------
Melee: Hand axe          |   119 |    76 |       ||   195
       Mace              |       |   209 |       ||   209
       Morningstar       |       |    24 |   428 ||   452
Evoke: Wand              |       |       |     1 ||     1
  Use: Scroll            |       |       |    16 ||    16
       Potion            |       |       |     4 ||     4
Armor: Robe              |    12 |       |       ||    12
       Scale mail        |    54 |   229 |   265 ||   548
       Plate armour      |       |       |    53 ||    53
Dodge: Dodged            |    69 |   243 |   275 ||   587

Table legend: (Time is in decaauts)
 A = Elapsed time spent in this place.
 B = Non-inter-level travel time spent in this place.
 C = Inter-level travel time spent in this place.
 D = Time resting spent in this place.
 E = Time spent auto-exploring this place.
 F = Levels seen in this place.
 G = Mean time per level.
                   A        B        C        D        E       F      G
               +--------+--------+--------+--------+--------+-----+--------+
         Total |   9294 |   8620 |    674 |   1607 |   5257 |  11 |  844.9 |
       Dungeon |   9050 |   8382 |    668 |   1607 |   5107 |   9 | 1005.6 |
        Temple |    172 |    166 |      6 |      0 |    150 |   1 |  172.0 |
         Abyss |     70 |     70 |      0 |      0 |      0 |   1 |   70.0 |
               +--------+--------+--------+--------+--------+-----+--------+

Top non-repeatable levels by time:
     D:2: 1560 daAuts
     D:3: 1518 daAuts
     D:1: 1413 daAuts
     D:5: 1356 daAuts
     D:4: 933 daAuts
     D:7: 896 daAuts
     D:6: 841 daAuts
     D:8: 493 daAuts
  Temple: 172 daAuts
 Abyss:1: 70 daAuts
     D:9: 36 daAuts
